Map: Golden Wall LE

Players

Silky

  • Race: Zerg Zerg
  • Spawn Location: 7:00

Nina - Winner!

  • Race: Protoss Protoss
  • League: Grandmaster
  • Spawn Location: 5:00

Event: The Miserable Cup

VOD

Have the link to the VOD?

Description

Time

  • Played on: June 21, 2020, 5:29 p.m.
  • Length: 24:49

All games in this series

Show
View Real Time Build Order
Export as new Build Order

Silky Zerg 

Build Orders: Hatch First, Brood Lord Corruptor 

Get SALT Encoding   

  12  0:00  Drone  
  13  0:13  Overlord  
  13  0:18  Drone  
  14  0:31  Drone x2  
  16  0:49  Hatchery  
  15  0:52  Drone  
  15  0:55  Drone  
  17  0:58  Drone  
  18  1:08  Extractor  
  17  1:14  Spawning Pool  
  17  1:17  Drone  
  17  1:20  Drone  
  18  1:28  Drone  
  19  1:39  Drone  
  20  1:50  Overlord  
  20  2:01  Zergling x2, Queen x2  
  20  2:02  Zergling x2  
  20  2:08  Metabolic Boost  
  26  2:11  Drone  
  26  2:13  Drone  
  28  2:22  Drone  
  29  2:23  Drone  
  30  2:38  Hatchery  
  30  2:42  Drone x2  
  31  2:46  Overlord  
  31  2:51  Overlord  
  31  2:59  Queen  
  33  3:06  Zergling x2, Drone  
  33  3:07  Drone x2  
  37  3:16  Spore Crawler  
  36  3:20  Roach Warren  
  36  3:23  Overlord  
  35  3:28  Drone x2  
  37  4:01  Roach x7  
  37  4:02  Zergling x10  
  56  4:08  Overlord  
  56  4:11  Zergling x2  
  56  4:15  Zergling x2  
  56  4:16  Zergling x2  
  59  4:17  Zergling x2  
  59  4:23  Zergling x6  
  63  4:25  Zergling x2  
  63  4:29  Overlord  
  64  4:33  Zergling x2  
  64  4:38  Ravager  
  66  4:39  Zergling x4  
  66  4:44  Overlord  
  68  4:47  Zergling x4  
  67  4:54  Overlord  
  64  5:00  Spore Crawler  
  64  5:04  Drone x5  
  63  5:12  Drone x4  
  62  5:16  Spore Crawler  
  61  5:21  Spore Crawler  
  61  5:23  Drone  
  61  5:26  Roach  
  63  5:31  Drone x3  
  60  5:39  Lair  
  60  5:42  Drone x3  
  59  5:48  Extractor x2  
  57  5:54  Roach  
  57  5:55  Drone x6  
  65  5:58  Drone  
  65  6:00  Drone x2  
  65  6:02  Drone  
  65  6:03  Drone  
  70  6:05  Drone  
  70  6:09  Drone x3  
  74  6:14  Drone x3  
  74  6:16  Drone  
  78  6:19  Evolution Chamber, Drone  
  78  6:21  Drone  
  78  6:22  Drone  
  80  6:26  Drone x3  
  80  6:29  Extractor  
  80  6:30  Extractor  
  80  6:31  Extractor  
  80  6:36  Drone x4  
  84  6:40  Spire  
  84  6:41  Drone  
  84  6:42  Drone  
  84  6:44  Overseer  
  84  6:49  Zerg Missile Weapons Level 1  
  84  6:51  Drone x3  
  88  6:54  Drone x2  
  88  6:59  Overlord  
  88  7:00  Zergling x6  
  92  7:01  Zergling x2  
  92  7:03  Overseer  
  92  7:08  Zergling x6  
  96  7:13  Hatchery  
  96  7:14  Zergling x2  
  94  7:17  Overlord  
  94  7:18  Zergling x4  
  94  7:22  Overseer  
  92  7:32  Roach Warren  
  92  7:36  Drone x2  
  91  7:42  Queen  
  93  7:49  Queen  
  93  7:50  Drone x2  
  113  8:01  Overlord  
  113  8:02  Baneling Nest  
  112  8:07  Corruptor x3  
  112  8:08  Corruptor x2  
  106  8:16  Corruptor x4  
  106  8:23  Drone x3  
  106  8:26  Drone x4  
  113  8:28  Glial Reconstitution  
  113  8:30  Drone  
  113  8:32  Drone  
  113  8:33  Overlord  
  115  8:37  Infestation Pit  
  115  8:38  Queen  
  115  8:39  Overlord  
  116  8:42  Queen, Drone  
  116  8:44  Drone  
  116  8:46  Zerg Melee Weapons Level 1  
  120  8:51  Zerg Flyer Weapons Level 1  
  120  8:53  Drone x3  
  120  8:54  Drone x2  
  125  8:59  Drone  
  125  9:00  Drone x4  
  130  9:03  Corruptor  
  132  9:11  Overlord  
  132  9:13  Spore Crawler  
  131  9:17  Centrifical Hooks  
  131  9:19  Evolution Chamber  
  131  9:22  Drone  
  131  9:23  Drone x2, Extractor  
  132  9:24  Extractor  
  132  9:28  Roach x2  
  135  9:34  Overseer  
  135  9:35  Lair  
  134  9:39  Overseer  
  132  9:50  Hatchery  
  124  9:53  Pneumatized Carapace  
  124  9:54  Drone x6  
  124  9:55  Drone  
  131  10:01  Overlord  
  131  10:03  Roach x3  
  131  10:04  Overlord x3  
  137  10:09  Overlord  
  136  10:17  Spore Crawler  
  136  10:18  Spine Crawler  
  134  10:21  Zergling x2  
  134  10:22  Zergling x12  
  134  10:24  Zergling x2  
  134  10:25  Hatchery, Zergling x8  
  134  10:27  Drone x2  
  147  10:29  Zergling x4  
  147  10:33  Overlord  
  149  10:35  Overseer  
  149  10:38  Hive  
  149  10:41  Roach x2  
  149  10:43  Overseer  
  131  10:59  Roach x4  
  131  11:01  Overlord  
  131  11:02  Hatchery  
  138  11:09  Drone  
  139  11:12  Overseer  
  139  11:15  Overseer  
  139  11:19  Overlord  
  139  11:22  Overlord  
  139  11:24  Zergling x4  
  140  11:28  Drone  
  140  11:29  Zerg Melee Weapons Level 2, Zerg Ground Armor Level 1  
  140  11:37  Queen  
  140  11:39  Zergling x22, Spore Crawler  
  152  11:50  Greater Spire  
  152  11:53  Overseer  
  152  11:58  Corruptor x5  
  161  12:10  Corruptor x3  
  161  12:12  Pathogen Glands  
  167  12:16  Zergling x2  
  167  12:17  Zergling x16  
  174  12:25  Drone x6  
  174  12:26  Overseer  
  174  12:28  Drone x2  
  156  13:04  Brood Lord x6  
  156  13:05  Brood Lord x2, Hatchery, Infestor x3  
  173  13:13  Infestor  
  173  13:18  Neural Parasite  
  175  13:22  Zerg Flyer Weapons Level 2  
  175  13:25  Drone x2  
  175  13:26  Drone x3  
  180  13:30  Corruptor x2  
  184  13:34  Extractor  
  184  13:39  Corruptor x2  
  187  13:48  Extractor  
  186  13:52  Corruptor x2  
  190  14:04  Drone x2  
  190  14:05  Spore Crawler  
  190  14:06  Spore Crawler x3  
  190  14:09  Viper  
  190  14:12  Overlord x2  
  190  14:15  Overseer  
  178  14:24  Brood Lord x3  
  178  14:30  Hatchery  
  183  14:35  Corruptor x3  
  189  14:51  Spine Crawler  
  189  14:52  Spine Crawler  
  187  14:53  Drone x2  
  187  14:55  Corruptor x3  
  190  15:02  Overseer x2  
  190  15:05  Drone  
  190  15:06  Zergling x2, Drone, Roach  
  190  15:07  Zergling x6  
  185  15:15  Infestor x2  
  189  15:25  Overlord, Viper  
  191  15:32  Overlord  
  191  15:35  Spire  
  190  15:38  Drone  
  190  15:41  Overseer  
  191  15:49  Brood Lord x2  
  192  16:00  Drone  
  192  16:01  Drone  
  192  16:02  Spore Crawler  
  192  16:03  Spine Crawler, Spore Crawler  
  191  16:05  Spine Crawler  
  191  16:06  Spine Crawler  
  191  16:09  Corruptor x5  
  198  16:15  Drone x2  
  200  16:21  Spore Crawler x3  
  197  16:31  Corruptor x2, Ultralisk Cavern  
  199  16:37  Lair, Zerg Ground Armor Level 2  
  185  16:43  Drone x5  
  185  16:44  Drone  
  186  16:47  Zergling x2  
  186  16:48  Zergling x6  
  186  16:51  Drone x3  
  184  16:58  Burrow  
  184  16:59  Corruptor  
  177  17:01  Drone  
  177  17:05  Drone x2  
  177  17:07  Drone x2  
  181  17:15  Corruptor x2  
  177  17:38  Spawning Pool  
  177  17:40  Zerg Flyer Weapons Level 3, Hive  
  176  17:49  Overseer  
  176  17:54  Roach  
  178  18:09  Hatchery  
  176  18:14  Corruptor x5  
  176  18:16  Overlord x3  
  186  18:22  Overseer x2  
  186  18:26  Overlord  
  186  18:33  Ultralisk Cavern  
  185  18:35  Corruptor x4  
  193  18:44  Infestor x3  
  199  18:48  Zergling x2  
  199  18:49  Zergling x2  
  189  19:04  Zergling x6  
  189  19:05  Overlord x2  
  189  19:06  Overlord  
  184  19:26  Hatchery  
  184  19:31  Drone x3  
  185  19:32  Drone  
  185  19:37  Drone x2, Spore Crawler  
  188  19:46  Zergling x2  
  188  19:47  Zergling x16  
  188  19:51  Overseer  
  196  19:55  Infestor x2  
  196  20:00  Baneling x3  
  196  20:02  Zergling x6  
  185  20:22  Zergling x16  
  185  20:23  Baneling x3  
  190  20:30  Spawning Pool  
  185  20:53  Extractor  
  185  20:54  Hatchery  
  183  21:04  Zerg Flyer Armor Level 1  
  183  21:05  Infestor x3  
  183  21:08  Brood Lord  
  185  21:34  Zergling x4, Ultralisk Cavern  
  185  21:35  Overlord x2  
  185  21:36  Overlord  
  186  21:44  Overseer  
  185  21:47  Hatchery  
  185  21:52  Hatchery, Spore Crawler  
  185  21:53  Spine Crawler  
  179  21:54  Spine Crawler  
  179  21:55  Spine Crawler, Corruptor x3  
  179  21:56  Spine Crawler x2  
  179  21:59  Spine Crawler  
  171  22:02  Zergling x2  
  171  22:03  Zergling x10  
  177  22:10  Overseer  
  181  22:21  Ultralisk x2  
  191  22:28  Ultralisk x2, Chitinous Plating  
  193  22:31  Infestor x6  
  193  22:32  Zergling x14  
  193  22:36  Drone  
  198  22:44  Drone  
  193  23:10  Drone x3  
  193  23:11  Drone x4  
  200  23:15  Spine Crawler  
  199  23:20  Overseer  
  197  23:43  Drone x2  
  197  23:47  Anabolic Synthesis  
  198  24:06  Hatchery  
Show
View Real Time Build Order
Export as new Build Order

Nina Protoss - Winner!

Build Orders: 1 Gate Expand, Carriers, Dark Templar Rush 

Get SALT Encoding   

  12  0:01  Probe  
  13  0:14  Probe  
  14  0:19  Pylon  
  14  0:26  Probe  
  15  0:34  Probe  
  15  0:38  Gateway  
  15  0:42  Probe  
  17  0:51  Assimilator  
  17  0:52  Probe  
  18  1:04  Probe  
  19  1:16  Probe  
  20  1:26  Nexus  
  20  1:37  Cybernetics Core  
  20  1:40  Probe  
  21  1:48  Assimilator  
  21  1:52  Probe  
  22  1:58  Pylon  
  22  2:04  Probe  
  22  2:07  Adept  
  23  2:15  Warp Gate  
  23  2:16  Probe  
  26  2:26  Gateway  
  26  2:27  Stalker  
  26  2:28  Probe  
  27  2:36  Probe  
  27  2:40  Probe  
  31  2:44  Probe  
  32  2:53  Twilight Council  
  32  2:55  Probe  
  32  2:58  Probe  
  33  3:03  Sentry  
  36  3:07  Probe  
  36  3:10  Probe  
  38  3:19  Probe x2  
  38  3:27  Pylon, Probe  
  38  3:30  Dark Shrine  
  38  3:31  Probe  
  40  3:36  Probe  
  41  3:43  Probe  
  43  3:48  Probe  
  43  3:55  Probe  
  44  3:56  Assimilator  
  44  3:57  Gateway  
  44  3:59  Gateway  
  44  4:00  Probe  
  45  4:03  Pylon, Probe  
  45  4:06  Phoenix  
  45  4:09  Assimilator  
  46  4:12  Probe x2  
  46  4:14  Sentry  
  50  4:19  Pylon  
  50  4:22  Probe  
  50  4:24  Probe  
  52  4:35  Probe  
  52  4:36  Nexus  
  52  4:38  Pylon, Probe  
  53  4:44  Dark Templar x2  
  58  4:47  Shadow Stride, Probe  
  58  4:52  Dark Templar  
  55  5:03  Adept  
  55  5:05  Probe  
  53  5:09  Probe  
  51  5:17  Probe  
  52  5:21  Probe  
  52  5:28  Adept x4  
  57  5:29  Probe  
  57  5:33  Probe  
  62  5:41  Probe  
  61  5:45  Probe  
  62  5:51  Nexus  
  62  5:53  Probe, Sentry  
  65  5:58  Probe, Dark Templar  
  65  6:00  Dark Templar  
  65  6:02  Probe  
  70  6:04  Pylon  
  70  6:10  Probe x2  
  72  6:14  Dark Templar  
  75  6:18  Shield Battery  
  75  6:20  Probe  
  75  6:22  Probe  
  77  6:26  Pylon  
  77  6:32  Stargate, Probe  
  78  6:34  Probe  
  78  6:37  Assimilator  
  79  6:44  Probe, Dark Templar  
  79  6:46  Probe  
  83  6:50  Assimilator  
  83  6:56  Probe  
  83  6:58  Probe  
  83  6:59  Stargate  
  85  7:05  Probe  
  85  7:08  Probe  
  87  7:10  Probe  
  88  7:17  Probe  
  88  7:20  Probe  
  90  7:28  Probe  
  90  7:29  Probe  
  92  7:32  Probe  
  93  7:40  Phoenix, Probe  
  93  7:41  Probe  
  93  7:44  Stalker x4, Probe  
  101  7:45  Blink  
  101  7:47  Gateway  
  101  7:48  Gateway  
  101  7:50  Gateway  
  106  7:51  Forge  
  106  7:52  Probe  
  106  7:55  Probe  
  106  7:56  Probe  
  109  8:07  Pylon  
  109  8:08  Pylon  
  109  8:09  Pylon  
  109  8:25  Phoenix x2, Probe  
  114  8:27  Robotics Facility  
  114  8:30  Forge  
  114  8:31  Nexus, Sentry x3  
  114  8:33  Protoss Ground Weapons Level 1  
  120  8:36  Pylon  
  120  8:40  Dark Templar  
  122  8:42  Pylon  
  122  8:44  Dark Templar  
  122  8:45  Pylon  
  124  8:48  Shield Battery  
  124  8:50  Phoenix x2  
  124  8:51  Dark Templar  
  124  8:52  Pylon  
  130  8:56  Protoss Shields Level 1  
  130  8:58  Photon Cannon  
  130  8:59  Photon Cannon  
  130  9:02  Photon Cannon  
  130  9:14  Stalker x4  
  138  9:25  Stalker x3  
  138  9:28  Photon Cannon  
  130  9:54  Dark Templar x4  
  130  9:57  Probe x2  
  130  10:08  Probe  
  130  10:10  Probe  
  130  10:13  Probe  
  131  10:18  Templar Archives  
  131  10:19  Gateway x2  
  131  10:21  Pylon, Probe, Gateway  
  132  10:22  Assimilator  
  132  10:23  Assimilator, Observer  
  132  10:25  Stalker x3  
  132  10:26  Probe  
  139  10:35  Stalker x2  
  144  10:48  Nexus  
  144  10:53  Psionic Storm  
  136  11:01  Stalker x5  
  146  11:05  Protoss Ground Weapons Level 2  
  146  11:08  Observer  
  147  11:16  Dark Templar  
  149  11:31  Stalker x3  
  149  11:32  Nexus  
  155  11:35  Probe  
  155  11:37  Pylon  
  155  11:38  Pylon  
  156  11:44  Protoss Shields Level 2  
  156  11:45  Robotics Bay  
  154  11:48  Probe  
  154  11:50  Probe  
  154  11:52  Probe, Shield Battery  
  154  11:53  Photon Cannon  
  157  11:55  Photon Cannon  
  157  11:58  Robotics Facility  
  157  12:03  Observer  
  157  12:07  Photon Cannon  
  157  12:13  Stalker x2  
  157  12:14  Stalker x3  
  167  12:22  High Templar x2  
  171  12:43  Stalker x5  
  180  12:56  Shield Battery  
  180  12:58  Shield Battery  
  179  12:59  Fleet Beacon  
  179  13:01  Shield Battery  
  179  13:02  Photon Cannon  
  179  13:04  Photon Cannon, Dark Templar x3  
  181  13:05  Photon Cannon  
  181  13:06  Stargate  
  181  13:07  Photon Cannon  
  181  13:08  Probe  
  182  13:13  Photon Cannon  
  182  13:14  Photon Cannon  
  182  13:20  Photon Cannon  
  182  13:23  Photon Cannon  
  182  13:27  Shield Battery  
  182  13:30  Pylon  
  182  13:34  Stargate  
  182  13:36  Dark Templar x2  
  182  13:37  Dark Templar  
  182  13:40  Dark Templar  
  190  13:45  Protoss Air Weapons Level 1  
  190  13:47  Assimilator  
  190  13:50  Assimilator  
  190  13:53  High Templar  
  190  13:54  High Templar  
  194  14:02  Protoss Ground Weapons Level 3  
  194  14:14  Carrier  
  200  14:26  Charge  
  199  14:37  Tempest  
  193  14:54  Carrier x2  
  192  15:03  Observer  
  192  15:06  Protoss Shields Level 3  
  189  15:09  Nexus  
  187  15:14  Zealot x4  
  187  15:15  Zealot x2  
  187  15:19  Observer  
  196  15:36  Dark Templar x3  
  200  15:46  Nexus  
  197  16:02  Carrier  
  196  16:16  Nexus  
  196  16:22  Pylon  
  196  16:23  Pylon  
  196  16:28  Nexus  
  196  16:31  Pylon  
  196  16:36  Pylon, Assimilator  
  196  16:38  Nexus  
  196  16:39  Assimilator  
  196  17:06  Carrier  
  196  17:15  Pylon, Carrier  
  192  17:16  Pylon  
  190  17:25  Carrier  
  192  17:31  Carrier  
  198  17:46  Protoss Air Weapons Level 2  
  196  18:04  Photon Cannon  
  195  18:06  Photon Cannon  
  195  18:07  Protoss Ground Armor Level 1  
  195  18:08  Photon Cannon  
  195  18:10  Shield Battery  
  195  18:11  Photon Cannon  
  195  18:13  Photon Cannon  
  195  18:17  Carrier  
  199  18:34  Carrier  
  187  19:06  Carrier  
  187  19:07  Carrier  
  181  19:21  Dark Templar x6  
  181  19:22  Dark Templar x3  
  187  19:25  Carrier  
  187  19:28  Observer x2  
  200  19:38  Carrier  
  200  19:47  Pylon  
  200  19:51  Pylon  
  200  19:53  Assimilator  
  200  19:55  Assimilator  
  197  20:15  Zealot x2  
  197  20:20  Photon Cannon x2  
  196  20:22  Probe x4  
  196  20:25  Photon Cannon  
  200  20:31  Assimilator  
  200  20:34  Probe x2  
  200  20:35  Dark Templar x5  
  198  20:52  Photon Cannon  
  198  20:55  Photon Cannon  
  198  20:57  Photon Cannon  
  198  20:58  Observer  
  198  20:59  Photon Cannon  
  198  21:00  Shield Battery  
  197  21:10  Pylon  
  197  21:13  Pylon  
  197  21:25  Photon Cannon  
  186  21:27  Photon Cannon  
  186  21:30  High Templar x3  
  189  21:48  Dark Templar x5  
  189  21:51  Assimilator  
  189  21:52  Photon Cannon  
  193  21:55  Photon Cannon  
  193  21:56  Assimilator  
  193  21:58  Photon Cannon  
  189  22:02  Shield Battery  
  189  22:05  Shield Battery  
  189  22:10  Photon Cannon  
  195  22:28  Observer  
  179  22:59  Dark Templar x6  
  186  23:10  Gateway x3  
  186  23:11  Gateway  
  186  23:14  Gateway  
  186  23:15  Oracle  
  186  23:17  Gateway x2  
  186  23:20  Zealot x3  
  186  23:24  Void Ray x3  
  186  23:25  Gateway  
  186  23:26  Gateway  
  195  23:28  Gateway x3  
  195  23:31  Gateway  
  183  23:41  Nexus  
  195  23:42  Pylon  
  195  23:43  Pylon, Photon Cannon  
  195  23:45  Photon Cannon  
  195  23:46  Photon Cannon  
  195  23:48  Photon Cannon x2  
  195  23:50  Void Ray, Photon Cannon, Shield Battery  
  195  23:51  Shield Battery  
  195  23:52  Photon Cannon  
  195  23:54  Photon Cannon  
  195  23:55  Photon Cannon, Shield Battery  
  199  23:56  Shield Battery  
  199  23:59  Photon Cannon, Shield Battery  
  199  24:01  Photon Cannon, Shield Battery  
  199  24:03  Photon Cannon  
  199  24:06  Photon Cannon  
  199  24:08  Pylon  
  183  24:28  Stalker x10  
  183  24:29  Stalker  
Tags
 
Add a new tag
Caveats
  • Supply blocks, unpowered buildings, or Contaminate may cause inaccurate times.
  • Supply counts are checked every 10 seconds.